 Dungeon Crawl Stone Soup version 0.21.1-1-g345015fe64 (webtiles) character file.

170 Mrkan the Ruffian (level 5, -3/52 HPs)
             Began as a Troll Monk on May 4, 2018.
             Slain by an orc wizard
             ... wielding a +0 dagger
              (7 damage)
             ... on level 4 of the Dungeon.
             The game lasted 00:08:10 (2497 turns).

Mrkan the Ruffian (Troll Monk)                      Turns: 2497, Time: 00:08:11

Health: -3/52      AC:  5    Str: 17 (19) XL:     5   Next: 26%
Magic:  4/4        EV: 16    Int:  3 (6)  God:
Gold:   104        SH:  0    Dex: 15 (18) Spells: 4/4 levels left

rFire    . . .     SeeInvis .     - Unarmed
rCold    . . .     Gourm    +   (no shield)
rNeg     . . .     Faith    .   a - +0 robe
rPois    .         Spirit   .   (helmet restricted)
rElec    .         Reflect  .   (no cloak)
rCorr    .         Harm     .   (gloves unavailable)
MR       .....                  (boots unavailable)
Stlth    +++.......             (no amulet)
HPRegen  0.57/turn              (no ring)
MPRegen  0.09/turn              (no ring)

@: agile, lethally poisoned (-3 -> -4)
A: large, unfitting armour, claws 3, fast metabolism 3, gourmand, regeneration
1, shaggy fur 1, tough skin 2
a: no special abilities


You were on level 4 of the Dungeon.
You were very full.

You visited 1 branch of the dungeon, and saw 4 of its levels.

You collected 104 gold pieces.

Inventory:

Armour
 a - a +0 robe (worn)
Jewellery
 j - a cursed ring of teleportation {unknown}
Wands
 n - a wand of clouds (6)
Scrolls
 d - a scroll of fog {unknown}
 e - 2 scrolls of teleportation {unknown}
 g - 2 scrolls of amnesia {unknown}
 i - a scroll of random uselessness {unknown}
 m - 2 scrolls of identify {unknown}
 o - a scroll of remove curse {unknown}
Potions
 c - a potion of agility
 f - a potion of heal wounds {unknown}
 k - a potion of cancellation {unknown}
 l - 2 potions of flight {unknown}
 p - a potion of haste {unknown}
 q - a potion of mutation {unknown}
 r - a potion of curing {unknown}
Comestibles
 b - 6 rations


   Skills:
 + Level 2.9 Fighting
 + Level 3.4 Dodging
 - Level 1.0 Stealth
 + Level 4.8 Unarmed Combat


You had 4 spell levels left.
You didn't know any spells.

Dungeon Overview and Level Annotations

Branches:
Dungeon (4/15)
 Temple: D:4-7

Altars:


Innate Abilities, Weirdness & Mutations

You are too large for most types of armour.
You have claws for hands.
Your metabolism is lightning-fast.
You like to eat raw meat.
Your natural rate of healing is unusually fast.
You are covered in fur. (AC +1)
You have very tough skin. (AC +2)


Message History

The adder poisons you! The adder bites you.
* * * LOW HITPOINT WARNING * * *
You are more poisoned.
The adder poisons you!
You feel sick.
You claw the adder!
You kill the adder!
You feel sick.
You feel sick.
You feel sick.
It was a potion of agility.
You feel agile all of a sudden. Something hits you.
* * * LOW HITPOINT WARNING * * *
It was a potion of degeneration.
There was something very wrong with that liquid.
You feel weakened.
You feel dopey.
You feel clumsy.
You feel sick. Something hits you!
You die...

#######
####.....## ###
..........####.#
..........oo...#
...........###†#
...........#
#o##
...........#
#o.#
...........#
##@#
..........<#
#.##
...........#
#..#
...........#
##.# #.## #..#
##.## #..# #..#


You could see an orc priest and an orc wizard.

Vanquished Creatures
  A howler monkey (D:4)
  Ijyb (D:3)
  4 adders
  A worm (D:2)
  2 dart slugs
  2 leopard geckos (D:2)
  2 orcs
  2 ball pythons
  2 giant cockroaches
  9 goblins
  9 hobgoblins
  9 bats
  4 frilled lizards
  8 kobolds
  9 rats
65 creatures vanquished.

Notes
Turn   | Place    | Note
-------+----------+-------------------------------------------
     0 | D:1      | Mrkan the Troll Monk began the quest for the Orb.
     0 | D:1      | Reached XP level 1. HP: 22/22 MP: 0/0
   175 | D:1      | Reached XP level 2. HP: 27/29 MP: 1/1
   904 | D:2      | Reached XP level 3. HP: 32/36 MP: 2/2
  1233 | D:2      | Reached XP level 4. HP: 38/44 MP: 3/3
  1427 | D:2      | Reached skill level 4 in Unarmed Combat
  1794 | D:3      | Noticed Ijyb
  1805 | D:3      | Killed Ijyb
  2431 | D:4      | Reached XP level 5. HP: 47/52 MP: 4/4
  2497 | D:4      | Slain by an orc wizard

Skill      XL: |  1  2  3  4 |
---------------+-------------+-----
Dodging        | 3 |  3.4
Unarmed Combat | 4 |  4.8
Fighting       | |  2.9
Stealth        | |  1.0

Action                   |  1- 3 |  4- 6 || total
-------------------------+-------+-------++-------
Melee: Unarmed           |   106 |    70 ||   176
       Punch             |     1 |     2 ||     3
  Use: Potion            |       |     2 ||     2
 Stab: Sleeping          |     3 |       ||     3
  Eat: Chunk             |    17 |     9 ||    26
Armor: Robe              |    42 |    31 ||    73
Dodge: Dodged            |    62 |    39 ||   101
